AoeStats
← a.l.a.n.t

QS Arena

503481905Analyzed
4v4 RM · 1mo ago on Aug 31, 2026· 36m 52s· 8 players
Game mode
Random Map
Map size
Large (8 player)
Population
200
Speed
Normal
Resources
Standard
Victory
Conquest
Starting age
Dark Age
Ending age
Imperial Age
RankedLock teamsTeams togetherTeam positionsShared explorationLock speedFull tech treeHidden civsTurbo modeCheats
Victory
Defeat
🇮🇹 Spanish · Italy
1442
+9
🇮🇹 Magyars · Italy
1390
+11
🇮🇹 Ethiopians · Italy
1390
+11
🇩🇪 Burgundians · Germany
1258
+17
🇺🇸 Cumans · United States
1290
-12
🇦🇷 Mongols · Argentina
1277
-12
🇬🇧 Burgundians · United Kingdom
1277
-12
🇧🇷 Tatars · Brazil
1266
-11
Monty
7:14 Feudal Age
7:56 Double-Bit Axe
9:37 Wheelbarrow
8:51 Horse Collar
18:16 Castle Age
16:29 Loom
17:24 Scale Barding Armor
17:30 Forging
18:22 Gold Mining
23:24 Imperial Age
21:12 Hand Cart
21:42 Chain Barding Armor
21:57 Iron Casting
21:36 Bloodlines
22:35 Gold Shaft Mining
23:41 Heavy Plow
23:26 Cavalier
24:34 Bow Saw
26:15 Paladin
28:14 Town Watch
30:07 Plate Barding Armor
30:32 Blast Furnace
30:23 Fletching
31:37 Chemistry
30:49 Masonry
31:11 Light Cavalry
32:42 Conscription
32:23 Steppe Husbandry
35:04 Guilds
34:22 Hussar
Rōnin
8:03 Feudal Age
10:25 Wheelbarrow
9:36 Loom
10:16 Loom
13:32 Castle Age
12:05 Double-Bit Axe
13:19 Horse Collar
14:58 Bow Saw
15:29 Town Watch
17:06 Heavy Plow
17:14 Gold Mining
17:59 Fletching
19:00 Padded Archer Armor
20:58 Stone Mining
22:33 Wheelbarrow
22:23 Bodkin Arrow
25:00 Leather Archer Armor
25:09 Ballistics
29:23 Imperial Age
27:40 Masonry
28:55 Silk Armor
29:15 Bloodlines
29:07 Husbandry
30:29 Gold Shaft Mining
30:24 Hand Cart
30:23 Bracer
31:30 Chemistry
31:14 Conscription
31:32 Light Cavalry
32:20 Scale Barding Armor
33:28 Ring Archer Armor
33:30 Forging
34:19 Chain Barding Armor
a.l.a.n.t
3:09 Double-Bit Axe
5:40 Horse Collar
8:50 Feudal Age
12:51 Castle Age
11:21 Bow Saw
14:07 Squires
22:42 Wheelbarrow
23:05 Loom
24:24 Husbandry
24:33 Scale Barding Armor
27:04 Imperial Age
24:09 Cavalier
25:10 Forging
27:32 Chain Barding Armor
27:26 Paladin
29:10 Chemistry
29:37 Plate Barding Armor
30:37 Conscription
32:52 Coinage
35:16 Fletching
Potu
8:47 Feudal Age
13:07 Castle Age
11:45 Double-Bit Axe
13:33 Horse Collar
14:06 Loom
20:10 Loom
22:21 Fletching
22:30 Town Watch
23:36 Bloodlines
23:13 Elite Skirmisher
24:59 Wheelbarrow
25:24 Bodkin Arrow
26:12 Padded Archer Armor
27:18 Leather Archer Armor
28:13 Hand Cart
35:33 Imperial Age
33:24 Heavy Plow
35:47 Ballistics
Wendysocute
8:18 Feudal Age
12:21 Castle Age
10:09 Double-Bit Axe
10:27 Horse Collar
13:37 Bow Saw
13:59 Heavy Plow
19:13 Wheelbarrow
20:19 Gold Mining
22:13 Gold Shaft Mining
21:48 Stone Mining
25:41 Imperial Age
23:00 Loom
23:58 Hand Cart
23:38 Fletching
24:32 Bodkin Arrow
24:37 Padded Archer Armor
25:02 Ballistics
25:35 Treadmill Crane
27:31 Two-Man Saw
27:04 Crop Rotation
27:25 Parthian Tactics
27:06 Thumb Ring
28:04 Chemistry
27:22 Leather Archer Armor
27:07 Bracer
28:17 Conscription
29:24 Conscription
28:46 Heavy Cavalry Archer
30:34 Ring Archer Armor
30:54 Husbandry
31:06 Bloodlines
31:39 Recurve Bow
34:22 Light Cavalry
35:29 Scale Barding Armor
fengxxx
8:21 Feudal Age
6:58 Double-Bit Axe
8:33 Gold Mining
13:36 Castle Age
12:25 Bow Saw
12:18 Horse Collar
16:13 Wheelbarrow
18:32 Loom
21:07 Heavy Plow
22:03 Gold Shaft Mining
21:23 Stone Mining
22:44 Crop Rotation
24:46 Two-Man Saw
24:56 Stone Shaft Mining
24:45 Hand Cart
28:19 Imperial Age
25:54 Husbandry
25:15 Cavalier
27:07 Burgundian Vineyards
27:21 Forging
29:01 Iron Casting
28:33 Scale Barding Armor
28:24 Treadmill Crane
28:23 Paladin
31:18 Blast Furnace
31:43 Chain Barding Armor
31:51 Pikeman
32:31 Squires
32:16 Arson
32:46 Scale Mail Armor
34:01 Plate Barding Armor
34:07 Elite Coustillier
35:11 Conscription
36:34 Scale Mail Armor
37:31 Chain Mail Armor
511
8:04 Feudal Age
11:48 Castle Age
9:39 Double-Bit Axe
9:52 Horse Collar
12:53 Bow Saw
16:59 Loom
18:41 Gold Mining
20:54 Wheelbarrow
24:33 Imperial Age
22:54 Gold Shaft Mining
22:40 Town Watch
25:01 Hand Cart
24:56 Heavy Scorpion
26:16 Ballistics
27:49 Chemistry
27:11 Torsion Engines
27:32 Conscription
28:48 Two-Man Saw
29:49 Siege Engineers
31:44 Capped Ram
33:11 Siege Ram
36:14 Guilds
Lyy
8:02 Feudal Age
12:02 Castle Age
18:26 Fletching
18:49 Loom
19:30 Padded Archer Armor
21:31 Double-Bit Axe
21:28 Horse Collar
22:24 Heavy Plow
23:59 Bodkin Arrow
25:12 Inquisition
25:58 Redemption
26:43 Leather Archer Armor
32:01 Pikeman
32:56 Gambesons
33:11 Squires
32:56 Arson
33:39 Husbandry
34:37 Forging
34:27 Scale Mail Armor
35:33 Wheelbarrow
38:13 Imperial Age
36:19 Wheelbarrow
36:31 Chain Mail Armor
37:56 Iron Casting
Connection lost

Rejoining the realm…

Still unreachable

The connection could not be restored.

Session expired

The server has moved on; the page needs a fresh start.